 Dungeon Crawl Stone Soup version 0.29-a0-1009-g60c99734e7 (webtiles) character file.

Game seed: 4332823798804392146

14 purpskrrrp the Shooter (level 2, 0/16 HPs)
             Began as a Deep Elf Hunter on Aug 8, 2022.
             Succumbed to an adder's poison
             ... on level 2 of the Dungeon.
             The game lasted 00:02:57 (1392 turns).

purpskrrrp the Shooter (Deep Elf Hunter)            Turns: 1392, Time: 00:02:58

Health: 0/16       AC:  9    Str:  7 (8)  XL:     2   Next: 31%
Magic:  4/4        EV: 12    Int: 12 (13) God:
Gold:   8          SH:  0    Dex: 16 (18) Spells: 1/1 levels left

rFire   . . .      SeeInvis +   a - +0 shortbow
rCold   + . .      Faith    .   (shield currently unavailable)
rNeg    . . .      Spirit   .   c - +0 leather armour
rPois   .          Reflect  .   (no helmet)
rElec   .          Harm     .   d - +5 cloak "Tiahe" {rC+ SInv}
rCorr   .          Rampage  .   (no gloves)
Will    .....                   (no boots)
Stlth   ++........              (no amulet)
HPRegen 0.05/turn               g - ring of flight
MPRegen 0.09/turn               (no ring)

@: brilliant, lethally poisoned (0 -> -4), flying
A: no striking features
a: no special abilities


You were on level 2 of the Dungeon.
You visited 1 branch of the dungeon, and saw 2 of its levels.

You collected 8 gold pieces.

Inventory:

Hand Weapons
 a - a +0 shortbow (weapon)
Missiles
 j - 5 atropa-tipped darts
Armour
 c - a +0 leather armour (worn)
 d - the +5 cloak "Tiahe" (worn) {rC+ SInv}
   (You found it on level 2 of the Dungeon)

   rC:        It protects you from cold.
   SInv:      It lets you see invisible.
Jewellery
 g - a ring of flight (left hand)
Scrolls
 b - a scroll of immolation
 e - a scroll of poison {unknown}
 f - 2 scrolls of teleportation


   Skills:
 - Level 1.5 Fighting
 + Level 6.1 Ranged Weapons
 - Level 2.4 Dodging
 - Level 1.2 Stealth


You had one spell level left.
You didn't know any spells.
Your spell library contained the following spells:

 Spells                   Type           Power      Damage    Failure   Level
 Fireball                 Conj/Fire      0%         3d3       100%        5
 Iskenderun's Battlesphe  Conj           0%         2d6       100%        5
 Conjure Ball Lightning   Conj/Air       0%         3x3d6     100%        6
 Orb of Destruction       Conj           0%         9d5       100%        7


Dungeon Overview and Level Annotations

Branches:
Dungeon (2/15)

Altars:


Message History

You see here 5 atropa-tipped darts.
j - 5 atropa-tipped darts You reach down and open the door.
There is an open door here.
You reach down and open the large door.
There is a large open door here.
You reach down and open the door.
There is an open door here.
There is a large open door here.
There is an open door here.
You shoot an arrow. The arrow closely misses the adder.
The adder hisses angrily.
You shoot an arrow.
The arrow hits the adder but does no damage.
You shoot an arrow. The arrow closely misses the adder.
You shoot an arrow. The arrow closely misses the adder.
The adder bites you but does no damage. The adder bites you.
You are poisoned.
The adder poisons you!
You shoot an arrow. The arrow closely misses the adder.
You feel sick. The adder bites you but does no damage.
The adder closely misses you.
You shoot an arrow.
The arrow hits the adder but does no damage.
You feel sick. The adder bites you.
You are lethally poisoned!
The adder poisons you!
You shoot an arrow. The arrow barely misses the adder.
You feel sick. The adder barely misses you. The adder bites you.
* * * LOW HITPOINT WARNING * * *
The adder attacks as you move away! The adder closely misses you.
* * * LOW HITPOINT WARNING * * *
You feel sick.
It was a potion of degeneration.
There was something very wrong with that liquid.
You feel weakened.
You feel dopey.
You feel clumsy.
* * * LOW HITPOINT WARNING * * *
You feel sick. The adder misses you. The adder closely misses you.
It was a potion of brilliance.
You feel clever all of a sudden.
You die...

#....~~≈≈# #....# ##~~~≈≈≈~~
#....~≈≈≈# #....# #~~~~≈≈~~~
#.PP~≈######....###~≈≈≈~####
#P.~~≈≈≈~~###''###~≈≈≈~~.PP.
#...~~≈~≈~~##..##~~~≈≈≈~~..#
##.P.~~≈≈#####'####~~≈≈≈~~.#
##..P~~≈##~~.....###~~≈~~~~#
#P...~###.~......~~##~≈≈~~~#
#..~###..~~@......~~##~~≈~.#
#~###..P~~#S.....#.~.##≈~.P#
### ...~~ ##....###~#.##≈≈~.
#.~~ #......#≈≈~..##≈≈~
###### .~~
~........~≈.##.##≈≈ .....#
.P ~#......#~≈~.##.##~
.###.# .
.###....###.~~....## .#...#
~≈~#......#~≈~~...### .#.#.#
.~ ~........~~~~......


You could see an adder.

Vanquished Creatures
  2 bats
  3 endoplasms
  A giant cockroach (D:2)
  A hobgoblin (D:2)
  4 ball pythons
  A frilled lizard (D:1)
  2 rats (D:1)
14 creatures vanquished.

Vanquished Creatures (others)
  8 plants (D:2)
8 creatures vanquished.

Grand Total: 22 creatures vanquished

Notes
Turn   | Place    | Note
-------+----------+-------------------------------------------
     0 | D:1      | purpskrrrp the Deep Elf Hunter began the quest for the Orb.
     0 | D:1      | Reached XP level 1. HP: 12/12 MP: 3/3
   790 | D:1      | Reached XP level 2. HP: 16/16 MP: 4/4
   850 | D:2      | Reached skill level 6 in Ranged Weapons
  1120 | D:2      | Identified the +5 cloak "Tiahe" {rC+ SInv}
  1159 | D:2      | Found a faded altar of an unknown god.
  1392 | D:2      | Succumbed to an adder's poison

Illustrated notes

Levels and vault maps discovered:
D:1:      minmay_arrival_open_corners, layout_basic
D:2:      wad_lake_hut, layout_loops_corners, basic_ecumenical_altar,
          minivault_24, minivault_14

Skill      XL: |  1  2 |
---------------+-------+-----
Ranged Weapons | 6 |  6.1
Fighting       | |  1.5
Dodging        | |  2.4
Stealth        | |  1.2

Action                   || total
-------------------------++-------
 Fire: Shortbow          ||    35
  Use: Scroll            ||     4
       Potion            ||     2
Armor: Leather armour    ||     5
Dodge: Dodged            ||    18

Table legend: (Time is in decaauts)
 A = Elapsed time spent in this place.
 B = Non-inter-level travel time spent in this place.
 C = Inter-level travel time spent in this place.
 D = Time resting spent in this place.
 E = Time spent auto-exploring this place.
 F = Levels seen in this place.
 G = Mean time per level.
                   A        B        C        D        E       F      G
               +--------+--------+--------+--------+--------+-----+--------+
         Total |   1401 |   1383 |     18 |    249 |   1027 |   2 |  700.5 |
       Dungeon |   1401 |   1383 |     18 |    249 |   1027 |   2 |  700.5 |
               +--------+--------+--------+--------+--------+-----+--------+

Top non-repeatable levels by time:
     D:1: 846 daAuts
     D:2: 554 daAuts
